 Dungeon Crawl Stone Soup version 0.28-a0-544-g207b005307 (webtiles) character file.

Game seed: 12570283931509348797

627 Crimsonway the Grave Robber (level 7, -10/48 HPs)
             Began as a Vampire Necromancer on Sept 28, 2021.
             Killed by nerve-wracking pain
             ... invoked by an orc priest
              (12 damage)
             ... on level 5 of the Dungeon.
             The game lasted 00:30:53 (4637 turns).

Crimsonway the Grave Robber (Vampire Necromancer)   Turns: 4637, Time: 00:30:54

Health: -10/48     AC:  8    Str:  7    XL:     7   Next: 23%
Magic:  8/12       EV: 28    Int: 24    God:
Gold:   185        SH:  0    Dex: 16    Spells: 12/13 levels left

rFire   . . .      SeeInvis +   t - +2 quarterstaff (chaos)
rCold   . . .      Faith    .   (shield currently unavailable)
rNeg    . . .      Spirit   .   o - +0 robe
rPois   .          Reflect  .   (no helmet)
rElec   .          Harm     .   A - +0 cloak
rCorr   .          Rampage  .   (no gloves)
Will    .....                   y - +0 pair of boots
Stlth   +++.......              C - amulet of the acrobat
HPRegen 0.36/turn               i - +4 ring of protection
MPRegen 0.13/turn               s - +6 ring of intelligence

@: acrobatic, flying, healing quickly
A: alive, fangs 3, see invisible, vampiric 2
a: Exsanguinate


You were on level 5 of the Dungeon.
You visited 1 branch of the dungeon, and saw 7 of its levels.

You collected 185 gold pieces.

Inventory:

Hand Weapons
 b - a +0 short sword
 d - a +2 short sword of speed
 f - a +0 whip
 q - a +2 dagger of pain
 t - a +2 quarterstaff of chaos (weapon)
 v - a +0 quarterstaff
 x - a +0 giant spiked club
 E - a +0 shortbow
Missiles
 c - 36 bolts
 g - 78 arrows
 n - 7 boomerangs
Armour
 a - a +0 robe
 o - a +0 robe (worn)
 r - a +0 robe
 u - a +0 cloak
 y - a +0 pair of boots (worn)
 A - a +0 cloak (worn)
Jewellery
 i - a +4 ring of protection (left hand)
 s - a +6 ring of intelligence (right hand)
 C - an amulet of the acrobat (around neck)
 G - an amulet of regeneration
Wands
 B - a wand of polymorph (10)
Scrolls
 e - 6 scrolls of identify {unknown}
 j - a scroll of enchant armour {unknown}
 k - 3 scrolls of teleportation {unknown}
 m - a scroll of brand weapon {unknown}
 p - 2 scrolls of silence {unknown}
 D - a scroll of noise {unknown}
Potions
 h - 2 potions of curing
 l - 2 potions of degeneration {unknown}
 z - a potion of heal wounds {unknown}
 F - 2 potions of cancellation {unknown}


   Skills:
 + Level 1.4 Fighting
 + Level 2.4 Short Blades
 + Level 2.4 Staves
 + Level 3.2 Dodging
 + Level 4.6 Stealth
 + Level 3.6 Spellcasting
 + Level 6.4 Necromancy


You had 12 spell levels left.
You knew the following spells:

 Your Spells              Type           Power      Damage    Failure   Level
a - Pain                  Necr           100%       1d9       1%          1

Your spell library contained the following spells:

 Spells                   Type           Power      Damage    Failure   Level
 Animate Skeleton         Necr           70%        N/A       1%          1
 Vampiric Draining        Necr           17%        2d8       2%          3
 Animate Dead             Necr           17%        N/A       8%          4
 Agony                    Necr           35%        N/A       21%         5
 Ozocubu's Armour         Ice            4%         N/A       30%         3
 Metabolic Englaciation   Hex/Ice        2%         N/A       96%         5
 Simulacrum               Ice/Necr       9%         N/A       99%         6
 Ozocubu's Refrigeration  Ice            2%         4d5       100%        7


Dungeon Overview and Level Annotations

Branches:
Dungeon (7/15)             Temple (0/1) D:5

Altars:
Ashenzari
Elyvilon
Gozag

Shops:
D:1 (   D:2 ?


Innate Abilities, Weirdness & Mutations

Your natural rate of healing is accelerated.
You have razor-sharp teeth.
You have supernaturally acute eyesight. (SInv)
You are afflicted with vampirism and can become a bat while bloodless.


Message History

Aim: an orc priest, wielding a +0 whip (chance to affect: 84%)
The orc priest barely resists.
Aiming: Pain (safe; 1% risk of failure)
Press: ? - help, Q - select action, (/) - cycle Shift-Dir - straight line, f/p - orc priest
Aim: an orc priest, wielding a +0 whip (chance to affect: 84%)
The orc priest writhes in agony.
You hit the orc priest.
The orc priest is moderately wounded.
The orc priest hits you but does no damage.
You closely miss the orc. Your bite misses the orc.
The orc priest barely misses you. The orc hits you but does no damage.
Aiming: Pain (safe; 1% risk of failure)
Press: ? - help, Q - select action, (/) - cycle Shift-Dir - straight line, f/p - orc priest
Aim: an orc priest, wielding a +0 whip (moderately wounded, chance to affect: 84%)
The orc priest writhes in agony.
The orc priest barely misses you. The orc closely misses you.
Aiming: Pain (safe; 1% risk of failure)
Press: ? - help, Q - select action, (/) - cycle Shift-Dir - straight line, f/p - orc priest
Aim: an orc priest, wielding a +0 whip (heavily wounded, chance to affect: 84%)
The orc priest barely resists.
The orc priest hits you but does no damage.
The orc misses you.
Aiming: Pain (safe; 1% risk of failure)
Press: ? - help, Q - select action, (/) - cycle Shift-Dir - straight line, f/p - orc priest
Aim: an orc priest, wielding a +0 whip (heavily wounded, chance to affect: 84%)
The orc priest writhes in agony.
The orc priest calls down the wrath of Beogh upon you.
Pain shoots through your body!
* * * LOW HITPOINT WARNING * * *
The orc closely misses you.
It was a potion of flight.
You feel very buoyant.
You fly up into the air.
The orc priest invokes the aid of Beogh against you.
Beogh smites you!
* * * LOW HITPOINT WARNING * * *
The orc hits you but does no damage.
The orc priest invokes the aid of Beogh against you.
Pain shoots through your body!
You die...

.## #####....#..#
..###...#....#...
_.....P...#..#.###
..###...####.#.#
.## ##### #...##
.# #....# .#
#....# ..
..###..o.########
P.
.......o.@.......
..
#.o....##########
#...... [......
....... .......
....... .......


You could see an orc priest and 2 orcs.

Vanquished Creatures
  An ogre (D:4)
  A phantom (D:5)
  A centaur (D:5)
  A scorpion (D:6)
  A bullfrog zombie (D:5)
  A hound (D:4)
  An orc priest (D:3)
  Crazy Yiuf (D:3)
  A hound zombie (D:5)
  A hound skeleton (D:4)
  A howler monkey skeleton (D:5)
  9 adders
  2 worms
  3 dart slugs
  5 orcs (D:3)
  5 ball pythons
  9 endoplasms
  2 giant cockroaches
  4 goblins
  3 hobgoblins
  6 jackals
  3 quokkas
  6 bats
  6 frilled lizards
  7 kobolds
  7 rats
88 creatures vanquished.

Vanquished Creatures (others)
  A fungus (D:5)
1 creature vanquished.

Grand Total: 89 creatures vanquished

Notes
Turn   | Place    | Note
-------+----------+-------------------------------------------
     0 | D:1      | Crimsonway the Vampire Necromancer began the quest for the
                  | Orb.
     0 | D:1      | Reached XP level 1. HP: 13/13 MP: 3/3
   198 | D:1      | Reached XP level 2. HP: 11/19 MP: 1/5
   641 | D:1      | Reached skill level 5 in Necromancy
   787 | D:1      | Gained mutation: You are afflicted with vampirism and can
                  | become a bat while bloodless. [Vampire growth]
   787 | D:1      | Reached XP level 3. HP: 23/24 MP: 4/6
   986 | D:1      | Reached skill level 1 in Short Blades
  1029 | D:1      | Found Edyxzior's Antique Weapon Boutique.
  1366 | D:2      | Found Koengy's Magic Scroll Shoppe.
  1970 | D:2      | Reached XP level 4. HP: 23/31 MP: 3/7
  2533 | D:3      | Reached XP level 5. HP: 35/36 MP: 6/8
  2738 | D:3      | Found a runed translucent door.
  2739 | D:3      | Noticed Crazy Yiuf
  2746 | D:3      | Killed Crazy Yiuf
  3670 | D:4      | Noticed an ogre
  3681 | D:4      | Killed an ogre
  3682 | D:4      | Reached skill level 6 in Necromancy
  3682 | D:4      | Reached XP level 6. HP: 7/42 MP: 5/10
  3684 | D:4      | Found an opulent altar of Gozag.
  3798 | D:4      | Reached skill level 1 in Fighting
  4349 | D:5      | Entered Level 5 of the Dungeon
  4357 | D:5      | Reached skill level 1 in Staves
  4410 | D:5      | Found a staircase to the Ecumenical Temple.
  4497 | D:5      | Reached XP level 7. HP: 34/48 MP: 12/12
  4547 | D:5      | You fall into a shaft and drop 2 floors!
  4547 | D:7      | Found a broken altar of Ashenzari.
  4635 | D:5      | HP: 1/48 [orc priest/divine providence (13)]
  4637 | D:5      | Killed from afar by an orc priest

Illustrated notes

Levels and vault maps discovered:
D:1:      beargit_arrival_diablo_church, layout_basic, serial_shops,
          nicolae_lakefront_shop
D:2:      layout_loops_ring, serial_shops, nicolae_shop_statue_plus,
          minmay_cut_off
D:3:      layout_loops_corners, marbit_many_paths, serial_aquarium,
          aquarium_bridge_island_small [aquarium_subvault_small_open,
          aquarium_subvault_bridge, aquarium_subvault_window,
          aquarium_subvault_wall, aquarium_subvault_bridge],
          aquarium_bridge_long_separate [aquarium_subvault_wall,
          aquarium_subvault_bridge, aquarium_subvault_balcony,
          aquarium_subvault_wall, aquarium_subvault_wall,
          aquarium_subvault_bridge], aquarium_window_corner,
          aquarium_window_corridor_1, aquarium_window_corner,
          aquarium_window_corner, aquarium_view_2d, aquarium_balcony_1b,
          portal_sewer_entry_d, minmay_misc_feat_pillars, grunt_ministairs_3,
          uniq_crazy_yiuf_cottage
D:4:      layout_basic, grunt_gozag_breadcrumbs
D:5:      layout_basic, elyvilon_altar_1, minmay_temple_entry_mini_moons,
          minmay_misc_feat_doors
D:6:      layout_rooms, kennysheep_generic_room_14
D:7:      layout_basic, lemuel_doored_altar, roderic_roman_lattice,
          minmay_hedge_maze, grunt_ministairs_4

Skill      XL: |  1  2  3  4  5  6 |
---------------+-------------------+-----
Necromancy     | 5 6 |  6.4
Short Blades   | 1 2 |  2.4
Stealth        | 4 |  4.6
Spellcasting   | 3 |  3.6
Fighting       | 1 |  1.4
Staves         | 2 |  2.4
Dodging        | 3 |  3.2

Action                   |  1- 3 |  4- 6 |  7- 9 || total
-------------------------+-------+-------+-------++-------
Melee: Short sword       |    73 |       |       ||    73
       Bite              |     6 |    10 |       ||    16
       Unarmed           |     1 |       |       ||     1
       Dagger            |       |    22 |       ||    22
       Quarterstaff      |       |    70 |    15 ||    85
 Cast: Pain              |    39 |    42 |     5 ||    86
Evoke: Wand              |       |     1 |       ||     1
  Use: Potion            |       |     1 |     2 ||     3
 Stab: Sleeping          |     2 |     2 |       ||     4
       Confused          |       |     1 |       ||     1
Armor: Robe              |    17 |    31 |    37 ||    85
Dodge: Dodged            |    42 |    65 |   121 ||   228

Table legend: (Time is in decaauts)
 A = Elapsed time spent in this place.
 B = Non-inter-level travel time spent in this place.
 C = Inter-level travel time spent in this place.
 D = Time resting spent in this place.
 E = Time spent auto-exploring this place.
 F = Levels seen in this place.
 G = Mean time per level.
                   A        B        C        D        E       F      G
               +--------+--------+--------+--------+--------+-----+--------+
         Total |   4648 |   3939 |    709 |      0 |      0 |   7 |  664.0 |
       Dungeon |   4648 |   3939 |    709 |      0 |      0 |   7 |  664.0 |
               +--------+--------+--------+--------+--------+-----+--------+

Top non-repeatable levels by time:
     D:3: 1482 daAuts
     D:1: 1271 daAuts
     D:4: 843 daAuts
     D:2: 753 daAuts
     D:5: 215 daAuts
     D:6: 52 daAuts
     D:7: 29 daAuts
